 Dungeon Crawl Stone Soup version 0.26-b1-57-gb162d0664a (webtiles) character file.

Game seed: 955742017523806888

9336 H0rd4k the Thaumaturge (level 11, -4/54 HPs)
             Began as a Deep Elf Hedge Wizard on Jan 8, 2021.
             Was an Initiate of Gozag.
             Slain by Snorg (8 damage)
             ... on level 10 of the Dungeon.
             The game lasted 00:45:41 (16845 turns).

H0rd4k the Thaumaturge (Deep Elf Hedge Wizard)     Turns: 16845, Time: 00:45:41

Health: -4/54      AC:  8    Str:  7    XL:     11   Next: 21%
Magic:  17/31      EV: 14    Int: 23    God:    Gozag
Gold:   1871       SH:  0    Dex: 14    Spells: 29/38 levels left

rFire    . . .     SeeInvis .   a - +0 dagger
rCold    . . .     Faith    .   (no shield)
rNeg     + . .     Spirit   .   q - +0 leather armour
rPois    .         Reflect  .   c - +0 hat
rElec    .         Harm     +   n - scarf {harm}
rCorr    +         Rampage  .   H - +1 pair of gloves
Will     +....                  U - +2 pair of boots {Fly}
Stlth    +++.......             v - amulet of regeneration
HPRegen  0.58/turn              Q - ring of resist corrosion
MPRegen  0.22/turn              I - ring of positive energy

@: lethally poisoned (-4 -> -5), gold aura, flying
A: no striking features
a: Stop Flying, Renounce Religion, Potion Petition, Call Merchant, Bribe Branch


You were on level 10 of the Dungeon.
You worshipped Gozag.
Gozag was most pleased with you.
You visited 2 branches of the dungeon, and saw 12 of its levels.
You also visited: Sewer and Ossuary.

You collected 1940 gold pieces.
You paid 69 gold pieces to Gozag.

Inventory:

Hand Weapons
 a - a +0 dagger (weapon)
 f - a +1 hunting sling of freezing
Missiles
 u - 6 curare-tipped darts
 y - 14 poisoned darts
Armour
 b - a +1 robe
 c - a +0 hat (worn)
 n - a scarf of harm (worn)
 q - a +0 leather armour (worn)
 H - a +1 pair of gloves (worn)
 U - a +2 pair of boots of flying (worn)
Jewellery
 g - an uncursed ring of flight
 v - an amulet of regeneration (around neck)
 B - an uncursed amulet of guardian spirit
 I - a ring of positive energy (right hand)
 Q - a ring of resist corrosion (left hand)
 T - an uncursed ring of ice
Wands
 i - a wand of enslavement (9)
 s - a wand of random effects (12)
 F - a wand of polymorph (11)
 R - a wand of paralysis (3)
Scrolls
 h - 16 scrolls of identify
 k - 5 scrolls of remove curse
 o - 5 scrolls of enchant armour
 p - a scroll of blinking
 r - 4 scrolls of fog
 t - 2 scrolls of fear
 w - 4 scrolls of teleportation
 G - a scroll of torment {unknown}
 M - 2 scrolls of amnesia
 N - a scroll of summoning {unknown}
 P - a scroll of magic mapping
 S - 2 scrolls of random uselessness {unknown}
Potions
 d - 2 potions of degeneration {unknown}
 e - a potion of attraction {unknown}
 j - 2 potions of berserk rage {unknown}
 l - 8 potions of heal wounds
 m - 3 potions of lignification {unknown}
 x - 3 potions of might {unknown}
 z - 6 potions of ambrosia {unknown}
 A - 2 potions of brilliance {unknown}
 C - 3 potions of cancellation {unknown}
 D - 2 potions of curing
 E - a potion of magic {unknown}
 J - a potion of resistance
 K - 3 potions of invisibility {unknown}
 L - a potion of flight {unknown}
 O - a potion of haste {unknown}


   Skills:
 - Level 3.2 Throwing
 + Level 5.2 Dodging
 + Level 4.6 Stealth
 + Level 14.4 Spellcasting
 + Level 10.4 Conjurations
 + Level 1.1 Summonings
 + Level 5.1 Translocations
 + Level 3.8 Fire Magic
 + Level 3.1 Air Magic
 + Level 2.4 Poison Magic
 + Level 1.9 Evocations


You had 29 spell levels left.
You knew the following spells:

 Your Spells              Type           Power        Failure   Level
a - Magic Dart            Conj           100%         1%          1
b - Blink                 Tloc           N/A          1%          2
c - Conjure Flame         Conj/Fire      49%          1%          3
d - Mephitic Cloud        Conj/Pois/Air  41%          1%          3

Your spell library contained the following spells:

 Spells                   Type           Power        Failure   Level
 Stone Arrow              Conj/Erth      80%          1%          3
 Corpse Rot               Necr/Air       N/A          4%          2
 Beastly Appendage        Tmut           32%          5%          1
 Call Imp                 Summ           21%          5%          2
 Slow                     Hex            16%          9%          2
 Wereblood                Tmut           16%          9%          2
 Spider Form              Tmut/Pois      11%          10%         3
 Summon Forest            Summ/Tloc      15%          38%         5
 Ice Form                 Ice/Tmut       16%          47%         4
 Blade Hands              Tmut           8%           83%         5
 Eringya's Noxious Bog    Tmut/Pois      11%          99%         6
 Hydra Form               Tmut           8%           100%        6
 Summon Hydra             Summ           10%          100%        7


Dungeon Overview and Level Annotations

Branches:
Dungeon (11/15)            Temple (1/1) D:4            Lair (0/6) D:10
    Orc (0/2) D:10          Sewer (visited)         Ossuary (visited)

Altars:
Ashenzari
Cheibriados
Dithmenos
Elyvilon
Fedhas
Gozag
Hepliaklqana
Kikubaaqudgha
Makhleb
Nemelex Xobeh
Okawaru
Qazlal
Ru
Sif Muna
Trog
Uskayaw
Vehumet
Wu Jian
Xom
Zin
The Shining One

Shops:
D:7 =   D:8 (

Annotations:
D:2 exclusion: downstairs
D:3 3 runed translucent doors, exclusions: 3 doors and 2 downstairs, TreeFish's ghost, amateur HuWr
D:4 1 runed translucent door, exclusions: door and downstairs, Crazy Yiuf
D:8 exclusion: 2 downstairs
D:9 Grum; Maurice
D:10 exclusion: upstairs, Gastronok; Snorg
D:11 exclusions: black bear, cyclops and upstairs


Message History

Casting: Magic Dart (safe; 1% risk of failure)
Confirm with . or Enter, or press ? or * to list all spells.
You blink.
You feel sick.
Snorg is engulfed in blazing flames.
The killer bee closely misses the killer bee.
You hear an angry buzzing noise.
Evoke which item? (* to show all) (? for menu, Esc to quit)
Aiming: Paralyse
Press: ? - help, Shift-Dir - straight line, f/p - killer bee
Aim: a killer bee (lightly wounded, confused, chance to affect: 60%) Snorg resists with almost no effort.
Snorg is engulfed in blazing flames.
Casting: Blink (safe; 1% risk of failure)
Confirm with . or Enter, or press ? or * to list all spells.
You blink.
You are engulfed in blazing flames.
* * * LOW HITPOINT WARNING * * *
The killer bee dies!
Snorg closely misses you. Snorg claws you!
* * * LOW HITPOINT WARNING * * *
Snorg claws you!
You die...
Your body crumbles into a pile of gold.

####### ## #.....# ...
#.....##################....
#...........................
#.(.....############........
#.....#.# ###.....###....
#....##.######...##### ##
#........##....########
#....##.....ยง.T@.$....##..#
####..#...#########y.....P.
##...#(###.......#......
##........#####........)PP.
###........###............PP
#>...#..(...##.........P..PP
#.....#####..................P
#.##### #####.(.....P.....P.
############.....P........P.P.


You could see Snorg (berserk) and a killer bee (confused).

Vanquished Creatures
  A two-headed ogre (D:11)
  A manticore (D:11)
  A wyvern (D:11)
  13 yaks
  2 humans (D:7)
  2 acid dragons (D:11)
  4 water moccasins
  4 orc warriors
  A necrophage (D:5)
  3 black bears
  3 ice beasts
  5 sky beasts
  4 phantoms
  4 centaurs
  4 ogres
  A gnoll sergeant (D:9)
  13 bullfrogs
  2 elf skeletons (D:7)
  A wyvern skeleton (D:11)
  2 scorpions
  A water moccasin skeleton (D:9)
  2 killer bees (D:10)
  3 wights (D:9)
  3 howler monkeys
  A quasit (D:8)
  4 hounds
  5 orc priests
  2 jellies (D:7)
  6 orc wizards
  A centaur skeleton (D:5)
  2 human skeletons (D:7)
  Natasha (thrice) (D:3)
  4 iguanas
  9 worker ants
  A big kobold zombie (Ossuary)
  2 hound zombies
  8 mummies (Ossuary)
  A howler monkey zombie (D:9)
  2 worker ant zombies
  2 gnolls
  18 adders
  4 river rats
  2 shadow imps
  3 white imps
  4 ufetubi
  4 oozes
  An adder skeleton (D:5)
  An adder zombie (D:9)
  2 worms
  A dart slug (D:1)
  8 leopard geckos
  36 orcs
  5 giant cockroaches
  3 goblins
  6 hobgoblins
  12 jackals
  3 quokkas
  9 ball pythons
  10 bats
  11 frilled lizards
  2 gnoll zombies (Ossuary)
  A hobgoblin zombie (Ossuary)
  A jackal skeleton (D:6)
  4 kobolds
  2 kobold zombies (Ossuary)
  2 orc skeletons (D:7)
  2 orc zombies (Ossuary)
  A quokka skeleton (D:9)
  33 rats
324 creatures vanquished.

Vanquished Creatures (collateral kills)
  2 killer bees (D:10)
  An orc wizard (D:5)
3 creatures vanquished.

Vanquished Creatures (others)
  An ufetubus (D:7)
  52 fungi (D:10)
  53 plants (D:10)
106 creatures vanquished.

Grand Total: 433 creatures vanquished

Notes
Turn   | Place    | Note
-------+----------+-------------------------------------------
     0 | D:1      | H0rd4k the Deep Elf Hedge Wizard began the quest for the
                  | Orb.
     0 | D:1      | Reached XP level 1. HP: 10/10 MP: 7/7
   463 | D:1      | Reached XP level 2. HP: 15/15 MP: 6/9
   588 | D:1      | Reached skill level 5 in Spellcasting
  1287 | D:2      | Reached XP level 3. HP: 19/19 MP: 8/11
  1290 | D:2      | Learned a level 2 spell: Blink
  1294 | D:2      | Learned a level 3 spell: Conjure Flame
  1298 | D:2      | Learned a level 3 spell: Mephitic Cloud
  1731 | D:2      | Found a hide-covered altar of Uskayaw.
  1733 | D:2      | You fall into a shaft and drop 2 floors!
  1746 | D:4      | Reached XP level 4. HP: 24/24 MP: 3/13
  1846 | D:3      | Reached skill level 6 in Spellcasting
  2141 | D:2      | Found a shimmering altar of Xom.
  2316 | D:2      | Found a shimmering blue altar of Sif Muna.
  2854 | D:3      | Noticed Natasha
  3004 | D:3      | Found a runed translucent gate.
  3004 | D:3      | Found a runed translucent gate.
  3004 | D:3      | Found a runed translucent gate.
  3004 | D:3      | Noticed TreeFish's ghost (amateur HuWr)
  3058 | D:3      | Killed Natasha
  3059 | D:3      | Reached XP level 5. HP: 27/28 MP: 7/15
  3085 | D:3      | Found an opulent altar of Gozag.
  3221 | D:3      | Reached skill level 1 in Fire Magic
  3616 | D:3      | Noticed Natasha
  3857 | D:3      | Killed Natasha
  3858 | D:3      | Reached skill level 7 in Spellcasting
  3947 | D:3      | Noticed Natasha
  3974 | D:3      | Killed Natasha
  4279 | D:4      | Noticed a centaur
  4280 | D:4      | Found a blossoming altar of Fedhas.
  4418 | D:4      | Found a staircase to the Ecumenical Temple.
  4481 | D:3      | Reached skill level 1 in Throwing
  4481 | D:3      | Reached XP level 6. HP: 13/32 MP: 9/18
  5721 | D:4      | Reached skill level 1 in Poison Magic
  5849 | D:4      | Reached skill level 1 in Air Magic
  5849 | D:4      | Reached XP level 7. HP: 36/36 MP: 11/19
  5987 | D:4      | Found a runed translucent door.
  5988 | D:4      | Noticed Crazy Yiuf
  6055 | D:5      | Entered Level 5 of the Dungeon
  6167 | D:4      | HP: 1/36 [leopard gecko (6)]
  6289 | D:5      | Reached skill level 8 in Spellcasting
  6309 | D:5      | Found a burning altar of Makhleb.
  6537 | D:5      | Found a glowing drain.
  6541 | Sewer    | Entered a sewer
  7366 | Sewer    | Reached XP level 8. HP: 41/41 MP: 11/22
  7496 | D:5      | Reached skill level 9 in Spellcasting
  7496 | D:5      | Reached skill level 5 in Conjurations
  8534 | Temple   | Entered the Ecumenical Temple
  8816 | D:3      | Became a worshipper of Gozag Ym Sagoz the Greedy
  8948 | D:6      | Reached skill level 10 in Spellcasting
  9453 | D:6      | Found a hazy altar of Hepliaklqana.
  9548 | D:6      | Found a sparkling altar of Nemelex Xobeh.
  9620 | D:7      | Found an iron altar of Okawaru.
  9640 | D:7      | Reached XP level 9. HP: 45/45 MP: 16/25
  9761 | D:7      | Found a bloodstained altar of Trog.
  9848 | D:7      | Found Soliof's Jewellery Shop.
  9909 | D:7      | Reached skill level 11 in Spellcasting
  9996 | D:7      | Found a radiant altar of Vehumet.
 10026 | D:7      | Found a sand-covered staircase.
 10091 | Ossuary  | Entered an ossuary
 11686 | D:8      | Found Jokerch's Weapon Shoppe.
 11960 | D:8      | Reached skill level 12 in Spellcasting
 12264 | D:9      | Found a snail-covered altar of Cheibriados.
 12571 | D:9      | Noticed Grum
 13194 | D:9      | Reached XP level 10. HP: 50/50 MP: 19/28
 13434 | D:10     | Entered Level 10 of the Dungeon
 13599 | D:10     | Found a staircase to the Lair.
 14242 | D:10     | Reached skill level 13 in Spellcasting
 14682 | D:11     | Noticed a manticore
 14742 | D:11     | Killed a manticore
 14743 | D:11     | Reached skill level 1 in Evocations
 14868 | D:11     | Reached skill level 10 in Conjurations
 14971 | D:11     | Reached skill level 5 in Dodging
 15059 | D:11     | Noticed a two-headed ogre
 15087 | D:11     | Killed a two-headed ogre
 15088 | D:11     | Reached skill level 14 in Spellcasting
 15088 | D:11     | Reached XP level 11. HP: 54/54 MP: 8/31
 16172 | D:10     | Reached skill level 5 in Translocations
 16259 | D:10     | Noticed Gastronok
 16314 | D:10     | Found a staircase to the Orcish Mines.
 16379 | D:9      | Found a bloodstained altar of Trog.
 16424 | D:9      | Found a stormy altar of Qazlal.
 16445 | D:9      | Noticed Maurice
 16825 | D:10     | Noticed Snorg
 16845 | D:10     | Slain by Snorg

Illustrated notes

Levels and vault maps discovered:
D:1:      amcnicky_arrival_feature_with_door, layout_loops_ring,
          chequers_serial_rivers_room_a
D:2:      layout_rooms, xom_butterflies, marbit_many_paths,
          nicolae_overflow_hidden_temple
D:3:      layout_rooms, grunt_gozag_statues, ebering_ghost_rock_garden,
          uniq_natasha
D:4:      layout_loops_ring, fedhas_bush_and_centaur_altar,
          minmay_temple_entry_statues_pillars, minivault_14,
          uniq_crazy_yiuf_cottage
D:5:      layout_rooms, lemuel_crystal_altar, gup_sewer_entry_bowl
D:6:      layout_basic, kennysheep_mini, basic_altar
D:7:      layout_basic, lemuel_crystal_altar, okawaru_humans, serial_shops,
          nicolae_shop_trees, basic_altar, nicolae_ossuary_entry_catacombs
D:8:      layout_basic, serial_shops, shop, dk_noncrumbling_4
D:9:      layout_long_grid, lemuel_crystal_altar, slow_altar_1,
          yredelemnul_forgotten_temple_becter, basic_altar, uniq_maurice,
          uniq_grum
D:10:     layout_rooms, due_lair_maze_entry_diamond, orc_0_dummy,
          ploomutoo_gammafunk_ghost_potion_laboratory, uniq_snorg,
          uniq_gastronok
D:11:     layout_loops_corners, minmay_microvault
Temple:   dpeg_chambers_temple

Skill      XL: |  1  2  3  4  5  6  7  8  9 10 11 |
---------------+----------------------------------+-----
Spellcasting   | 5 6 7 8 10 12 14 | 14.4
Stealth        | 3 4 |  4.6
Conjurations   | 2 3 4 6 8 10 | 10.4
Fire Magic     | 1 3 |  3.8
Throwing       | 1 2 3 |  3.2
Dodging        | 3 4 5 |  5.2
Poison Magic   | 1 2 |  2.4
Air Magic      | 1 2 3 |  3.1
Translocations | 2 3 4 5 |  5.1
Evocations     | 1 |  1.9
Summonings     | |  1.1

Action                   |  1- 3 |  4- 6 |  7- 9 | 10-12 || total
-------------------------+-------+-------+-------+-------++-------
Melee: Dagger            |       |     1 |     4 |       ||     5
 Cast: Magic Dart        |    84 |   207 |   562 |   271 ||  1124
       Mephitic Cloud    |     1 |     7 |    26 |    16 ||    50
       Blink             |       |     6 |    46 |    36 ||    88
       Conjure Flame     |       |     3 |    21 |    35 ||    59
Evoke: Wand              |       |       |     3 |    19 ||    22
  Use: Potion            |       |     1 |     1 |       ||     2
       Scroll            |       |       |    11 |     1 ||    12
Armor: Robe              |     3 |     1 |       |       ||     4
       Leather armour    |       |    13 |    43 |    25 ||    81
Dodge: Dodged            |     6 |    43 |   169 |    78 ||   296
